 Dungeon Sprint DCSS version 0.27-a0-1273-gec92ba881d (webtiles) character file.

Game seed: 1322301289265212132

19393 mhtbhm the Swashbuckler (level 13, 0/148 HPs)
             Began as a Kobold Berserker on June 11, 2021.
             Was a High Priest of Trog.
             Slain by the 26-headed Lernaean hydra (7 damage)
             ... in the Dungeon (Sprint I: "Red Sonja").
             The game lasted 00:08:28 (5431 turns).

mhtbhm the Swashbuckler (Kobold Berserker)          Turns: 5431, Time: 00:08:29

Health: 0/148      AC: 20    Str: 18    XL:     13   Next: 4%
Magic:  13/13      EV: 18    Int:  9    God:    Trog [*****.]
Gold:   3758       SH:  0    Dex: 21    Spells: 12/12 levels left

rFire    + . .     SeeInvis .   a - +8 demon blade "Leech" {vamp, *Rage +Rage rN+}
rCold    + . .     Faith    .   (shield restricted)
rNeg     + . .     Spirit   .   b - +4 chain mail {rF+}
rPois    .         Reflect  .   (no helmet)
rElec    .         Harm     .   (no cloak)
rCorr    .         Rampage  .   (no gloves)
Will     .....     Rnd*Rage +   n - +2 pair of boots {Fly} Stlth ..........NoTele +
                                (no amulet)
HPRegen  0.34/turn              d - ring of protection from cold
MPRegen  0.13/turn              o - +6 ring of dexterity

@: berserking, flying, very quick
A: small, no large weapons, nightstalker 3
a: Renounce Religion, Evoke Berserk Rage, Berserk, Trog's Hand, Brothers in Arms


You were in the Dungeon.
You worshipped Trog.
Trog was extremely pleased with you.
You visited 1 branch You collected 5522 gold pieces.
You spent 1764 gold pieces at shops.

Inventory:

Hand Weapons
 a - the +8 demon blade "Leech" (weapon) {vamp, *Rage +Rage rN+}
   (You found it in the Dungeon)

   It inflicts no extra harm, but heals its wielder when it wounds a living foe.
   It protects you from negative energy.
   It lets you go berserk.
   It may make you go berserk in combat.
Missiles
 p - 2 curare-tipped darts (quivered)
Armour
 b - a +4 chain mail of fire resistance (worn)
 n - a +2 pair of boots of flying (worn)
Jewellery
 d - a ring of protection from cold (left hand)
 o - a +6 ring of dexterity (right hand)
 r - an amulet of faith
Wands
 i - a wand of digging (2)
Scrolls
 h - a scroll of blinking
 j - a scroll of identify
 k - 2 scrolls of enchant weapon
 l - a scroll of torment
Potions
 c - a potion of cancellation
 e - a potion of haste
 f - 2 potions of magic
 g - a potion of berserk rage
 m - a potion of might
 q - 2 potions of curing
Miscellaneous
 s - a tin of tremorstones (2/2)


   Skills:
 + Level 18.7 Fighting
 + Level 20.2(20.5) Short Blades
 + Level 3.9(10.1) Long Blades
 + Level 14.1 Armour
 + Level 12.8 Dodging
 + Level 3.5 Stealth
 + Level 4.6 Evocations


You had 12 spell levels left.
You didn't know any spells.
Your spell library was empty.

Dungeon Overview and Level Annotations

Branches:
Dungeon (1/1)

Altars:
Cheibriados
Dithmenos
Elyvilon
Fedhas
Gozag
Hepliaklqana
Kikubaaqudgha
Makhleb
Nemelex Xobeh
Okawaru
Qazlal
Ru
Sif Muna
Trog
Uskayaw
Vehumet
Wu Jian
Xom
Yredelemnul
Zin
The Shining One
Jiyva
Lugonu

Shops:
D (::?*[=!:!:((=([*?

Annotations:
D Lernaean hydra


Innate Abilities, Weirdness & Mutations

You are small and have problems with some larger weapons.
You are completely attuned to the shadows.


Message History

The 26-headed Lernaean hydra bites you!
The 26-headed Lernaean hydra bites you but does no damage.
You slice one of the 26-headed Lernaean hydra's heads off!
The 25-headed Lernaean hydra grows two more!
You slice the 27-headed Lernaean hydra!!
You feel better.
The 27-headed Lernaean hydra is severely wounded.
Your cyclops hits the 27-headed Lernaean hydra!
Unknown command.
You lop one of the 27-headed Lernaean hydra's heads off!
You slice the 26-headed Lernaean hydra!!
You feel better.
The 26-headed Lernaean hydra is almost dead.
The 26-headed Lernaean hydra bites you but does no damage.
The 26-headed Lernaean hydra bites you. The 26-headed Lernaean hydra bites you!
The 26-headed Lernaean hydra bites you but does no damage.
The 26-headed Lernaean hydra barely misses you.
The 26-headed Lernaean hydra bites you!
The 26-headed Lernaean hydra bites you but does no damage. x2
The 26-headed Lernaean hydra bites you.
The 26-headed Lernaean hydra barely misses you.
The 26-headed Lernaean hydra bites you!
* * * LOW HITPOINT WARNING * * *
The 26-headed Lernaean hydra bites you but does no damage.
The 26-headed Lernaean hydra bites you.
* * * LOW HITPOINT WARNING * * *
The 26-headed Lernaean hydra bites you.
* * * LOW HITPOINT WARNING * * *
The 26-headed Lernaean hydra bites you but does no damage.
The 26-headed Lernaean hydra bites you!
* * * LOW HITPOINT WARNING * * *
The 26-headed Lernaean hydra closely misses you.
The 26-headed Lernaean hydra bites you but does no damage.
The 26-headed Lernaean hydra barely misses you.
The 26-headed Lernaean hydra completely misses you.
The 26-headed Lernaean hydra bites you but does no damage.
The 26-headed Lernaean hydra bites you!
* * * LOW HITPOINT WARNING * * *
The 26-headed Lernaean hydra bites you!
You die...

#.○#.###.#.≈..#...§.§).§..§#
○°.....#.###..#......§..§..#
.......#.#.'..##.§^.^...^.##
....####+#.##'##..........#
..### #.#≈≈≈##........## ###
#≈≈≈≈##()).[(##
#≈≈≈≈≈######## ####≈≈≈C#≈≈≈
#..#'≈≈@D≈≈. #...##≈≈#≈≈≈
#....#### #' #....# ######


You could see the 26-headed Lernaean hydra (ally target) and a friendly cyclops
(summoned, berserk).

Vanquished Creatures
  A deep elf annihilator (D)
  A lorocyproca (D)
  A mummy priest (D)
  2 centaur warriors (D)
  Sonja (D)
  A deep troll (D)
  A lindwurm (D)
  An oklob plant (D)
  2 merfolk sirens (D)
  2 kobold demonologists (D)
  7 unseen horrors (D)
  4 demonic crawlers (D)
  A hellwing (D)
  A meliai (D)
  5 hornets (D)
  A slime creature (D)
  2 redbacks (D)
  Sigmund (D)
  A yak (D)
  13 hogs (D)
  3 floating eyes (D)
  7 necrophages (D)
  An ogre (D)
  8 jellies (D)
  Ijyb (D)
  A ballistomycete spore (D)
70 creatures vanquished.

Vanquished Creatures (collateral kills)
  A golden dragon (D)
  A shadow dragon (D)
  A daeva (D)
  A hydra (D)
4 creatures vanquished.

Vanquished Creatures (others)
  An oklob plant (D)
  A ballistomycete spore (D)
2 creatures vanquished.

Grand Total: 76 creatures vanquished

Notes
Turn   | Place    | Note
-------+----------+-------------------------------------------
     0 | D        | mhtbhm the Kobold Berserker began the quest for the Orb.
     0 | D        | Reached XP level 1. HP: 14/14 MP: 1/1
     1 | D        | Noticed Ijyb
     9 | D        | Killed Ijyb
    10 | D        | Reached skill level 5 in Fighting
    10 | D        | Reached skill level 6 in Short Blades
    10 | D        | Reached XP level 2. HP: 16/21 MP: 2/2
    10 | D        | Reached XP level 3. HP: 21/26 MP: 3/3
   161 | D        | Noticed an ogre
   167 | D        | Killed an ogre
   168 | D        | Reached skill level 8 in Short Blades
   168 | D        | Reached XP level 4. HP: 19/34 MP: 4/4
   168 | D        | Reached XP level 5. HP: 21/38 MP: 5/5
   354 | D        | Noticed Sigmund
   380 | D        | Killed Sigmund
   380 | D        | Reached ** piety under Trog
   381 | D        | Reached skill level 10 in Short Blades
   381 | D        | Reached skill level 5 in Dodging
   381 | D        | Reached XP level 6. HP: 4/45 MP: 6/6
   657 | D        | Found an ornate altar of the Wu Jian Council.
   658 | D        | Found a shimmering blue altar of Sif Muna.
   659 | D        | Found a radiant altar of Vehumet.
   741 | D        | Found a hazy altar of Hepliaklqana.
   741 | D        | Found a stormy altar of Qazlal.
   741 | D        | Found a hide-covered altar of Uskayaw.
   741 | D        | Found a blossoming altar of Fedhas.
   741 | D        | Noticed a yak
   751 | D        | Killed a yak
   752 | D        | Reached skill level 12 in Short Blades
   752 | D        | Reached skill level 5 in Armour
   752 | D        | Reached XP level 7. HP: 52/52 MP: 7/7
   752 | D        | Found Liwauna's Book Emporium.
   752 | D        | Found a bloodstained altar of Trog.
   752 | D        | Found an opulent altar of Gozag.
   752 | D        | Found a snail-covered altar of Cheibriados.
   753 | D        | Found an iron altar of Okawaru.
   753 | D        | Found a sparkling altar of Nemelex Xobeh.
   753 | D        | Found a sacrificial altar of Ru.
   753 | D        | Found a glowing silver altar of Zin.
   754 | D        | Found an ancient bone altar of Kikubaaqudgha.
   754 | D        | Found a basalt altar of Yredelemnul.
   754 | D        | Found a glowing golden altar of the Shining One.
   754 | D        | Found a shadowy altar of Dithmenos.
   754 | D        | Found a white marble altar of Elyvilon.
   817 | D        | Found a burning altar of Makhleb.
   817 | D        | Found a viscous altar of Jiyva.
   817 | D        | Found a shimmering altar of Xom.
   817 | D        | Found a corrupted altar of Lugonu.
   817 | D        | Noticed a slime creature
   829 | D        | Killed a slime creature
   829 | D        | Reached *** piety under Trog
   830 | D        | Reached skill level 10 in Fighting
   963 | D        | Noticed a deep troll
   979 | D        | Killed a deep troll
   980 | D        | Reached skill level 14 in Short Blades
   980 | D        | Reached XP level 8. HP: 39/60 MP: 8/8
  1120 | D        | Found Vemiur's Armour Emporium.
  1132 | D        | Bought a +4 chain mail of fire resistance for 441 gold
                  | pieces
  1228 | D        | Noticed a centaur warrior
  1228 | D        | Noticed a centaur warrior
  1248 | D        | Killed a centaur warrior
  1249 | D        | Reached skill level 15 in Short Blades
  1249 | D        | Reached skill level 1 in Evocations
  1249 | D        | Reached XP level 9. HP: 32/67 MP: 9/9
  1255 | D        | Killed a centaur warrior
  1478 | D        | Noticed a hornet
  1480 | D        | Paralysed by a hornet for 1 turns
  1489 | D        | Killed a hornet
  1489 | D        | Reached **** piety under Trog
  1594 | D        | Noticed an oklob plant
  1603 | D        | Killed an oklob plant
  1604 | D        | Reached skill level 16 in Short Blades
  1604 | D        | Reached XP level 10. HP: 74/74 MP: 10/10
  2076 | D        | Killed an unseen horror
  2150 | D        | Killed an unseen horror
  2150 | D        | Reached ***** piety under Trog
  2369 | D        | Received a gift from Trog
  2370 | D        | Reached skill level 10 in Armour
  2402 | D        | Received a gift from Trog
  2405 | D        | Reached skill level 10 in Dodging
  2453 | D        | Reached skill level 1 in Stealth
  2476 | D        | Received a gift from Trog
  2574 | D        | Found Beinibar's Magic Scroll Shoppe.
  2574 | D        | Found Mumugin's Book Shop.
  2574 | D        | Found Ichomij's General Store.
  2576 | D        | Found Esachihe's Antique Armour Emporium.
  2576 | D        | Found Voziwen's Jewellery Shop.
  2576 | D        | Found Wiuteph's Distillery.
  2576 | D        | Found Xeeto's Book Boutique.
  2578 | D        | Bought a potion of might for 52 gold pieces
  2578 | D        | Found Putsuyng's Distillery.
  2579 | D        | Found Tudupro's Book Shop.
  2580 | D        | Found Isaa's Antique Weapon Shoppe.
  2581 | D        | Found Tofras's Antique Weapon Boutique.
  2582 | D        | Found Sicwyag's Weapon Emporium.
  2582 | D        | Found Qavanoem's Jewellery Boutique.
  2583 | D        | Found Zayruavai's Assorted Antiques.
  2589 | D        | Bought a pair of glowing boots for 225 gold pieces
  2600 | D        | Bought a coral ring for 150 gold pieces
  2648 | D        | Noticed a kobold demonologist
  2648 | D        | Noticed a kobold demonologist
  2651 | D        | Paralysed by a floating eye for 2 turns
  2656 | D        | Noticed an ice devil
  2660 | D        | Killed a kobold demonologist
  2661 | D        | Reached skill level 15 in Fighting
  2662 | D        | Killed a kobold demonologist
  2663 | D        | Reached skill level 17 in Short Blades
  2710 | D        | Noticed a lindwurm
  2721 | D        | Killed a lindwurm
  2722 | D        | Reached XP level 11. HP: 81/81 MP: 3/11
  2840 | D        | Reached ****** piety under Trog
  2846 | D        | Received a gift from Trog
  2971 | D        | Received a gift from Trog
  2979 | D        | Reached skill level 18 in Short Blades
  3009 | D        | Received a gift from Trog
  3122 | D        | Noticed a 12-headed hydra
  3127 | D        | Killed a 12-headed hydra
  3128 | D        | Paralysed by a floating eye for 4 turns
  3364 | D        | Noticed a daeva
  3399 | D        | Received a gift from Trog
  3744 | D        | Killed a daeva
  3745 | D        | Reached skill level 19 in Short Blades
  3745 | D        | Reached XP level 12. HP: 86/91 MP: 4/12
  3963 | D        | Noticed Sonja
  3970 | D        | Killed Sonja
  4040 | D        | Found Ocuchu's Antique Weapon Boutique.
  4152 | D        | Killed a lorocyproca
  4733 | D        | Found the +8 demon blade "Leech" {vamp, *Rage +Rage rN+}
  4733 | D        | Noticed a shadow dragon
  4734 | D        | Noticed a golden dragon
  4744 | D        | Killed a golden dragon
  4750 | D        | Killed a shadow dragon
  4863 | D        | Found Qoxeetos's Magic Scroll Shoppe.
  4882 | D        | Bought a scroll of acquirement for 728 gold pieces
  4882 | D        | Acquired 1145 gold pieces
  4900 | D        | Bought a scroll of identify for 28 gold pieces
  4900 | D        | Bought a scroll of identify for 28 gold pieces
  4900 | D        | Bought a scroll of identify for 28 gold pieces
  4900 | D        | Bought a scroll of identify for 28 gold pieces
  4905 | D        | Bought a scroll of identify for 28 gold pieces
  4905 | D        | Bought a scroll of identify for 28 gold pieces
  4929 | D        | Noticed a deep elf annihilator
  4931 | D        | Killed a deep elf annihilator
  4932 | D        | Reached skill level 20 in Short Blades
  4938 | D        | Received a gift from Trog
  4948 | D        | Reached skill level 1 in Long Blades
  5009 | D        | Noticed a mummy priest
  5026 | D        | Killed a mummy priest
  5027 | D        | Reached XP level 13. HP: 8/99 MP: 13/13
  5422 | D        | Noticed the 27-headed Lernaean hydra
  5431 | D        | HP: 7/148 [the 26-headed Lernaean hydra (11)]
  5431 | D        | Slain by the 26-headed Lernaean hydra

Illustrated notes

Levels and vault maps discovered:
D:        dungeon_sprint_1 [red_sonja_temple_1, red_sonja_temple_small_1]

Skill      XL: |  1  2  3  4  5  6  7  8  9 10 11 12 |
---------------+-------------------------------------+-----
Fighting       | 5 7 8 9 11 12 13 15 17 18 | 18.7
Short Blades   | 6 8 10 12 14 15 16 17 19 20 | 20.2
Armour         | 2 4 5 6 7 9 11 12 14 | 14.1
Dodging        | 3 4 5 6 7 8 9 10 11 12 | 12.8
Evocations     | 1 2 3 4 |  4.6
Stealth        | 2 3 |  3.5
Long Blades    | 3 |  3.9

Action                   |  1- 3 |  4- 6 |  7- 9 | 10-12 | 13-15 || total
-------------------------+-------+-------+-------+-------+-------++-------
Melee: Short sword       |    11 |    33 |    63 |    70 |       ||   177
       Rapier            |       |       |       |   221 |       ||   221
       Demon blade       |       |       |       |    37 |     6 ||    43
Invok: Berserk           |     2 |     2 |     5 |    15 |     1 ||    25
       Brothers in Arms  |       |       |       |     3 |     2 ||     5
Evoke: Wand              |       |       |     2 |     4 |       ||     6
       Tin of tremorston |       |       |       |     2 |       ||     2
  Use: Potion            |       |     2 |       |       |       ||     2
       Scroll            |       |       |       |     6 |       ||     6
Armor: Scale mail        |       |     2 |     3 |       |       ||     5
       Chain mail        |       |       |    30 |   165 |    46 ||   241
Dodge: Dodged            |     2 |     8 |    22 |   212 |    22 ||   266
       Rpst.: Demon blade |       |       |       |    13 |     1 ||    14

Table legend: (Time is in decaauts)
 A = Elapsed time spent in this place.
 B = Non-inter-level travel time spent in this place.
 C = Inter-level travel time spent in this place.
 D = Time resting spent in this place.
 E = Time spent auto-exploring this place.
 F = Levels seen in this place.
 G = Mean time per level.
                   A        B        C        D        E       F      G
               +--------+--------+--------+--------+--------+-----+--------+
         Total |   5440 |   5440 |      0 |   3921 |      1 |   1 | 5440.0 |
       Dungeon |   5440 |   5440 |      0 |   3921 |      1 |   1 | 5440.0 |
               +--------+--------+--------+--------+--------+-----+--------+

Top non-repeatable levels by time:
       D: 5440 daAuts
